 Dungeon Crawl Stone Soup version 0.28.0 (webtiles) character file.

Game seed: 53249315930145609

184 Crownlay the Skirmisher (level 5, -6/42 HPs)
             Began as a Demonspawn Gladiator on Feb 12, 2022.
             Mangled by Sigmund (7 damage)
             ... on level 3 of the Dungeon.
             The game lasted 00:02:21 (3423 turns).

Crownlay the Skirmisher (Demonspawn Gladiator)      Turns: 3423, Time: 00:02:21

Health: -6/42      AC:  6    Str: 16    XL:     5   Next: 36%
Magic:  5/5        EV: 11    Int:  9    God:
Gold:   34         SH:  0    Dex: 17    Spells: 4/4 levels left

rFire   . . .      SeeInvis .   a - +0 war axe
rCold   . . .      Faith    .   (no shield)
rNeg    . . .      Spirit   .   n - +0 ring mail
rPois   .          Reflect  .   c - +0 helmet
rElec   .          Harm     .   (no cloak)
rCorr   .          Rampage  .   (no gloves)
Will    .....                   (no boots)
Stlth   ++........              (no amulet)
HPRegen 0.14/turn               (no ring)
MPRegen 0.09/turn               (no ring)

@: lethally poisoned (-6 -> -10), flying
A: claws 1, thin skeletal structure 1, demonic guardian 2
a: no special abilities


You were on level 3 of the Dungeon.
You visited 1 branch of the dungeon, and saw 3 of its levels.

You collected 34 gold pieces.

Inventory:

Hand Weapons
 a - a +0 war axe (weapon)
Missiles
 d - 3 throwing nets (quivered)
 g - 4 silver javelins
Armour
 c - a +0 helmet (worn)
 n - a +0 ring mail (worn)
Jewellery
 l - a +4 ring of evasion
 m - a ring of ice
Scrolls
 e - a scroll of enchant armour {unknown}
 f - a scroll of torment {unknown}
 h - a scroll of enchant weapon {unknown}
 i - 2 scrolls of teleportation {unknown}
 j - 2 scrolls of identify {unknown}
Potions
 o - a potion of haste


   Skills:
 * Level 4.2 Fighting
 + Level 3.6 Axes
 + Level 2.9 Throwing
 - Level 2.6 Dodging


You had 4 spell levels left.
You didn't know any spells.
Your spell library contained the following spells:

 Spells                   Type           Power      Damage    Failure   Level
 Pain                     Necr           0%         1d4       61%         1
 Agony                    Necr           0%         N/A       100%        5
 Excruciating Wounds      Necr           0%         N/A       100%        5


Dungeon Overview and Level Annotations

Branches:
Dungeon (3/15)

Altars:

Annotations:
D:3 Sigmund


Innate Abilities, Weirdness & Mutations

You have sharp fingernails.
You have a somewhat thin skeletal structure. (Dex +2, Stealth+)
A demonic guardian rushes to your aid.


Message History

Sigmund closely misses you.
You are too injured to fight recklessly!
You are too injured to fight recklessly!
You are too injured to fight recklessly!
You are too injured to fight recklessly!
You are too injured to fight recklessly!
You are too injured to fight recklessly!
Sorry, you're not good enough to have a special ability.
You hit Sigmund.
Sigmund is almost dead.
You hit the adder.
You feel sick. The adder bites you.
You are more poisoned.
The adder poisons you! The adder completely misses you.
Sigmund hits you with a +0 scythe!
* * * LOW HITPOINT WARNING * * *
You closely miss Sigmund.
Sigmund is almost dead.
You hit the adder.
* * * LOW HITPOINT WARNING * * *
You feel very sick. The adder bites you.
* * * LOW HITPOINT WARNING * * *
A demonic guardian appears!
The adder bites you but does no damage.
Sigmund points at you and mumbles some strange words.
You resist with some effort.
It was a potion of flight.
You feel very buoyant.
You fly up into the air.
* * * LOW HITPOINT WARNING * * *
You feel sick. The adder bites you.
* * * LOW HITPOINT WARNING * * *
Sigmund gestures wildly while chanting.
Sigmund flickers and vanishes!
Deactivating autopickup; reactivate with Ctrl-A.
Your hellwing misses something. x2
You hit something but do no damage. You slash the adder!
You kill the adder!
* * * LOW HITPOINT WARNING * * *
You feel sick. Something hits you!
You die...

#######.###########
.......>........(.. #
##########.###########
#.#................#
.............#####.#####
#..........# #....
#.......$..# #.###
#...†......#
#....@.....#
#...{.†......#
#..4.....#.#.#
#........#.#.#
#.###......# # #.
#.#.#..# # #.#.#..#
#.#.# ..


You could see a friendly hellwing (summoned).

Vanquished Creatures
  A black bear (D:3)
  4 adders
  3 worms (D:2)
  5 endoplasms
  A giant cockroach (D:2)
  A goblin (D:2)
  2 hobgoblins (D:2)
  A jackal (D:3)
  9 kobolds
  2 quokkas
  3 bats
  2 frilled lizards (D:2)
  A quokka skeleton (D:2)
  6 rats
41 creatures vanquished.

Vanquished Creatures (collateral kills)
  Jessica (D:2)
1 creature vanquished.

Grand Total: 42 creatures vanquished

Notes
Turn   | Place    | Note
-------+----------+-------------------------------------------
     0 | D:1      | Crownlay the Demonspawn Gladiator began the quest for the
                  | Orb.
     0 | D:1      | Reached XP level 1. HP: 16/16 MP: 1/1
   363 | D:1      | Found a faded altar of an unknown god.
  1223 | D:2      | Gained mutation: A weak demonic guardian rushes to your
                  | aid. [demonic ancestry]
  1223 | D:2      | Reached XP level 2. HP: 23/23 MP: 2/2
  1910 | D:2      | Gained mutation: You have sharp fingernails. [demonic
                  | ancestry]
  1910 | D:2      | Reached XP level 3. HP: 24/28 MP: 3/3
  2029 | D:2      | Noticed Jessica
  2033 | D:2      | Killed Jessica
  2034 | D:2      | Reached skill level 3 in Fighting
  2664 | D:2      | Gained mutation: A demonic guardian rushes to your aid.
                  | [demonic ancestry]
  2664 | D:2      | Reached XP level 4. HP: 34/35 MP: 4/4
  3212 | D:3      | Noticed a black bear
  3219 | D:3      | Killed a black bear
  3220 | D:3      | Reached skill level 4 in Fighting
  3220 | D:3      | Gained mutation: You have a somewhat thin skeletal
                  | structure. (Dex +2, Stealth+) [demonic ancestry]
  3220 | D:3      | Reached XP level 5. HP: 19/42 MP: 5/5
  3404 | D:3      | Noticed Sigmund
  3423 | D:3      | HP: 1/42 [poisoned by an adder]
  3423 | D:3      | Mangled by Sigmund

Illustrated notes

Levels and vault maps discovered:
D:1:      lemuel_arrival_cross, layout_loops_ring, basic_ecumenical_altar
D:2:      layout_loops_corners, minmay_split_cup_large, uniq_jessica
D:3:      kennysheep_the_goblin_king, layout_basic,
          grunt_temple_overflow_growth_and_decay, lemuel_crystal_altar,
          kennysheep_donut, hangedman_feature_mirror, uniq_sigmund, uniq_ijyb

Skill      XL: |  1  2  3  4 |
---------------+-------------+-----
Throwing       | 2 |  2.9
Axes           | 3 |  3.6
Fighting       | 3 4 |  4.2
Dodging        | |  2.6

Action                   |  1- 3 |  4- 6 || total
-------------------------+-------+-------++-------
Melee: War axe           |   105 |    38 ||   143
       Punch             |     1 |       ||     1
  Use: Potion            |       |     2 ||     2
 Stab: Sleeping          |     1 |       ||     1
Armor: Leather armour    |    25 |       ||    25
       Ring mail         |    11 |    17 ||    28
Dodge: Dodged            |    67 |    45 ||   112
